 Dungeon Crawl Stone Soup version 0.19-a0-578-g4cfc824 (webtiles) character file.

95 AlphabetPasta the Ogre Mage (level 4, -5/44 HPs)
             Began as an Ogre Transmuter on June 8, 2016.
             Was an Initiate of Fedhas.
             Slain by a gnoll (6 damage)
             ... on level 1 of the Dungeon.
             The game lasted 00:09:00 (1946 turns).

AlphabetPasta the Ogre Mage (Ogre Transmuter)       Turns: 1946, Time: 00:09:00

Health: -5/44      AC:  3    Str: 15    XL:     4   Next: 66%
Magic:  8/8        EV: 10    Int: 13    God:    Fedhas [......]
Gold:   153        SH:  0    Dex: 10    Spells: 1 memorised, 8 levels left

rFire  . . .     SeeInvis .       - Unarmed
rCold  . . .     Gourm    .     b - +0 robe
rNeg   . . .     Faith    .     (no shield)
rPois  .         Spirit   .     (helmet restricted)
rElec  .         Dismiss  .     (no cloak)
rCorr  .         Reflect  .     (gloves unavailable)
SustAt .         Harm     .     (boots unavailable)
MR     .....                    (no amulet)
Stlth  +.........               (no ring)
                                (no ring)

@: very slightly contaminated, not resistant to hostile enchantments, very
unstealthy
A: unfitting armour, tough skin 1
a: Renounce Religion


You were on level 1 of the Dungeon.
You worshipped Fedhas.
Fedhas was noncommittal.
You were not hungry.

You visited 1 branch of the dungeon, and saw 2 of its levels.

You collected 153 gold pieces.

Inventory:

Hand Weapons
 j - a +0 club
Missiles
 a - 64 arrows
Armour
 b - a +0 robe (worn)
Jewellery
 i - a cursed -3 ring of strength {unknown}
Scrolls
 e - a scroll of magic mapping {unknown}
 g - a scroll of recharging {unknown}
 m - 3 scrolls of identify {unknown}
 p - a scroll of amnesia {unknown}
 q - a scroll of remove curse {unknown}
 t - a scroll of fear {unknown}
Potions
 f - a potion of magic {unknown}
 k - a potion of might {unknown}
 n - 2 potions of curing {unknown}
 o - a potion of heal wounds {unknown}
Books
 c - a book of Changes

   Spells                             Type                      Level
   a - Beastly Appendage              Transmutation                1
   b - Sticks to Snakes               Transmutation                2
   c - Spider Form                    Transmutation/Poison         3
   d - Ice Form                       Ice/Transmutation            4
   e - Blade Hands                    Transmutation                5
Comestibles
 d - 2 bread rations
 h - a meat ration
 l - 3 fruits


   Skills:
 + Level 2.6 Fighting
 * Level 2.7 Maces & Flails
 + Level 2.2 Dodging
 - Level 2.6 Unarmed Combat
 + Level 3.2 Spellcasting
 + Level 1.8 Transmutations


You had 8 spell levels left.
You knew the following spells:

 Your Spells              Type           Power        Failure   Level  Hunger
a - Beastly Appendage     Tmut           #.....       12%         1    #......


Dungeon Overview and Level Annotations

Branches:
Dungeon (2/15)

Altars:
Cheibriados
Fedhas


Innate Abilities, Weirdness & Mutations

You are too large for most types of armour.
You have tough skin. (AC +1)


Message History

You barely miss the gnoll. The gnoll closely misses you.
You barely miss the gnoll. The gnoll hits you!
* * * LOW HITPOINT WARNING * * *
You hit the gnoll.
The gnoll is moderately wounded.
The gnoll hits you.
* * * LOW HITPOINT WARNING * * *
You hit the gnoll but do no damage.
The gnoll is moderately wounded.
The gnoll hits you.
* * * LOW HITPOINT WARNING * * *
You hit the gnoll.
The gnoll is moderately wounded.
The gnoll hits you.
* * * LOW HITPOINT WARNING * * *
You closely miss the gnoll.
The gnoll is moderately wounded.
The gnoll hits you.
You die...
Fedhas appreciates your contribution to the ecosystem.

####################
..............)g@..#
##########.#####.#.#
#.# #.#.# #.# #.#.#
#.#####.#.#
#......[#.#
#########....#
#.......#.####
#.####.##.#


You could see a gnoll.

Vanquished Creatures
  Ijyb (D:2)
  A gnoll (D:1)
  2 adders (D:2)
  2 dart slugs
  A giant gecko (D:1)
  A giant cockroach (D:1)
  7 hobgoblins
  A quokka (D:2)
  A ball python (D:2)
  6 bats
  A giant newt (D:2)
  5 goblins
  3 kobolds
  8 rats
40 creatures vanquished.

Vanquished Creatures (others)
  7 toadstools (D:2)
7 creatures vanquished.

Grand Total: 47 creatures vanquished

Notes
Turn   | Place    | Note
--------------------------------------------------------------
     0 | D:1      | AlphabetPasta the Ogre Transmuter began the quest for the Orb.
     0 | D:1      | Reached XP level 1. HP: 19/19 MP: 3/3
   297 | D:1      | Reached XP level 2. HP: 28/28 MP: 5/5
   724 | D:2      | Reached XP level 3. HP: 34/35 MP: 5/7
   726 | D:2      | Reached skill level 1 in Maces & Flails
  1062 | D:2      | Noticed Ijyb
  1098 | D:2      | Killed Ijyb
  1098 | D:2      | Reached skill level 3 in Spellcasting
  1098 | D:2      | Reached XP level 4. HP: 22/44 MP: 8/8
  1367 | D:2      | Found a blossoming altar of Fedhas.
  1373 | D:2      | Became a worshipper of Fedhas Madash
  1855 | D:2      | Found a snail-covered altar of Cheibriados.
  1945 | D:1      | HP: 1/44 [gnoll (5)]
  1946 | D:1      | Slain by a gnoll

Vault maps used:
D:1:      grunt_arrival_crossed_arrows
D:2:      gammafunk_pakellas_statue_experiment, fedhas_altar_1,
          lemuel_round_altar, uniq_iyjb

Skill      XL: |  1  2  3 |
---------------+----------+-----
Fighting       | 2 |  2.6
Dodging        | 2 |  2.2
Maces & Flails | 2 |  2.7
Spellcasting   | 3 |  3.2
Unarmed Combat | |  2.6
Transmutations | |  1.8

Action                   |  1- 3 |  4- 6 || total
-------------------------+-------+-------++-------
Melee: Unarmed           |   146 |    81 ||   227
       Headbutt          |     6 |       ||     6
       Punch             |     3 |       ||     3
       Kick              |    13 |     1 ||    14
 Cast: Beastly Appendage |    12 |     6 ||    18
  Use: Potion            |       |     1 ||     1
  Eat: Chunk             |     1 |     2 ||     3
       Beef jerky        |       |     1 ||     1
Armor: Robe              |    24 |    34 ||    58
Dodge: Dodged            |    69 |    62 ||   131
